 Dungeon Crawl Stone Soup version 0.31-a0-95-g6fa058ef04 (webtiles) character file.

Game seed: 10968859481656927644

1502 Sobieck the Destroyer (level 8, -4/41 HPs)
             Began as a Deep Elf Conjurer on May 25, 2023.
             Killed from afar by Maggie (15 damage)
             ... with a bolt of fire
             ... on level 6 of the Dungeon.
             The game lasted 00:11:19 (6304 turns).

Sobieck the Destroyer (Deep Elf Conjurer)           Turns: 6304, Time: 00:11:19

Health: -4/41      AC:  4    Str:  4    XL:     8   Next: 52%
Magic:  11/22      EV: 12    Int: 26    God:
Gold:   327        SH:  0    Dex: 13    Spells: 12/23 levels left

rFire   . . .        d - +1 dagger (venom)
rCold   . . .        (no shield)
rNeg    . . .        a - +0 robe
rPois   .            m - +0 helmet {SInv}
rElec   .            (no cloak)
rCorr   .            s - +0 pair of gloves
SInv    +            (no boots)
Will    .....        (no amulet)
Stlth   ++           q - ring of flight
HPRegen 0.26/turn    (no ring)
MPRegen 0.18/turn

%: no passive effects
@: flying
A: no striking features
a: no special abilities


You were on level 6 of the Dungeon.
You visited 1 branch of the dungeon, and saw 6 of its levels.
You also visited: Ossuary.

You collected 327 gold pieces.

Inventory:

Hand Weapons
 d - a +1 dagger of venom (weapon)
Armour
 a - a +0 robe (worn)
 i - the +1 leather armour of Unkai {rC+}
   (You found it on level 4 of the Dungeon)

   rC:        It protects you from cold.
 m - a +0 helmet of see invisible (worn)
 s - a +0 pair of gloves (worn)
Jewellery
 q - a ring of flight (left hand)
Wands
 l - a wand of light (7)
 D - a wand of digging (11)
Scrolls
 g - a scroll of poison
 n - a scroll of vulnerability
 T - a scroll of teleportation
Potions
 b - 3 potions of might
 c - a potion of lignification {unknown}
 e - 3 potions of brilliance
 f - 2 potions of enlightenment {unknown}
 h - 2 potions of invisibility
 k - 2 potions of attraction
 o - a potion of mutation {unknown}
 p - a potion of berserk rage {unknown}
 t - a potion of curing {unknown}
 H - 3 potions of haste


   Skills:
 - Level 2.4 Dodging
 - Level 2.4 Stealth
 + Level 8.0 Spellcasting
 - Level 9.0 Conjurations
 + Level 7.1 Hexes


You had 12 spell levels left.
You knew the following spells:

 Your Spells              Type           Power      Damage    Failure   Level
a - Magic Dart            Conj           100%       1d8       1%          1
b - Searing Ray           Conj           100%       2d8       1%          2
c - Fulminant Prism       Conj/Hex       23%        3d12      3%          4
d - Iskenderun's Mystic   Conj/Tloc      28%        2d7       13%         4

Your spell library contained the following spells:

 Spells                   Type           Power      Damage    Failure   Level
 Static Discharge         Conj/Air       56%        2-5/arc   1%          2
 Dazzling Flash           Conj/Hex       94%        N/A       1%          3
 Scorch                   Fire           20%        2d5       9%          2
 Flame Wave               Conj/Fire      28%        2d9       13%         4
 Vhi's Electric Charge    Tloc/Air       10%        N/A       26%         3
 Arcjolt                  Conj/Air       14%        1d24      36%         5
 Airstrike                Air            5%         2d(1-17)  50%         4
 Summon Lightning Spire   Summ/Air       5%         N/A       63%         4
 Plasma Beam              Fire/Air       2%         2x1d14    100%        6
 Summon Cactus Giant      Summ           5%         N/A       100%        6


Dungeon Overview and Level Annotations

Branches:
Dungeon (6/15)            Ossuary (visited)
 Temple: D:4-7

Altars:

Shops:
D:5 [

Portals:
Abyss: D:6

Annotations:
D:6 1 transporter, Maggie; oldplebian's ghost, amateur DgCj


Message History

Confirm with . or Enter, or press ? or * to list all spells.
Aiming: Searing Ray (safe; 1% risk of failure)
Press: ? - help, Shift-Dir - straight line, f - you
Okay, then.
Unknown command.
Casting: Searing Ray (safe; 1% risk of failure)
Confirm with . or Enter, or press ? or * to list all spells.
Aiming: Fulminant Prism (dangerous; 3% risk of failure)
Press: ? - help, Dir - move target You conjure a prism of explosive energy!
The white imp shouts!
A fulminant prism comes into view.
Your fulminant prism crackles loudly.
Your fulminant prism explodes!
The blast of energy engulfs Maggie!!
Maggie is heavily wounded.
The blast of energy engulfs the white imp!
You kill the white imp!
Something shouts, "Escape, thou artless saucy flap-bat!"
Casting: Fulminant Prism (dangerous; 3% risk of failure)
Confirm with . or Enter, or press ? or * to list all spells.
Aiming: Fulminant Prism (dangerous; 3% risk of failure)
Press: ? - help, Dir - move target You conjure a prism of explosive energy!
A fulminant prism comes into view.
Your fulminant prism crackles loudly.
Maggie hits you with a +2 long sword of flaming!
Maggie burns you.
Your fulminant prism explodes!
The blast of energy engulfs Maggie!!
Maggie is severely wounded.
Casting: Fulminant Prism (dangerous; 3% risk of failure)
Confirm with . or Enter, or press ? or * to list all spells.
Aiming: Searing Ray (safe; 1% risk of failure)
Press: ? - help, Shift-Dir - straight line The searing ray hits Maggie.
Maggie is severely wounded. (Press . to maintain the ray.) Maggie closely misses you.
Unknown command.
The searing ray hits Maggie.
Maggie is almost dead.
Maggie hits you with a +2 long sword of flaming!
Maggie burns you.
* * * LOW HITPOINT WARNING * * *
The searing ray hits Maggie!
Maggie is almost dead.
Maggie points at you and mumbles some strange words.
The bolt of fire hits you!
You die...

##.......####....###.
##.......##...!..©..
#.................
#...........@.....
#.#..........#.
#.#......##.##
#.#......##.##
#.#....@.....#
#....@.###...
#.###### ##. ... ..
##.# .. #. ..


You could see Maggie.

Vanquished Creatures
  Sigmund (D:2)
  An ice beast (D:5)
  2 black bears
  2 bullfrogs (D:6)
  A water moccasin zombie (Ossuary)
  2 scorpions
  2 bullfrog zombies (Ossuary)
  2 centaur zombies (Ossuary)
  6 hounds
  2 orc priests (D:4)
  A gnoll bouda (D:6)
  A human zombie (Ossuary)
  4 orc wizards
  A mummy (Ossuary)
  Robin (D:2)
  4 gnolls (D:6)
  5 adders
  A shadow imp (D:6)
  A white imp (D:6)
  2 ufetubi (D:5)
  6 adder zombies (Ossuary)
  16 orcs
  7 bats
  7 endoplasms
  5 giant cockroaches
  3 gnoll zombies (Ossuary)
  13 goblins
  10 hobgoblins
  2 jackals (D:1)
  4 kobolds
  3 quokkas
  5 ball pythons
  5 frilled lizards
  2 goblin zombies (Ossuary)
  A hobgoblin zombie (Ossuary)
  3 orc zombies (Ossuary)
  2 rats
136 creatures vanquished.

Vanquished Creatures (others)
  9 fulminant prisms
9 creatures vanquished.

Grand Total: 145 creatures vanquished

Notes
Turn   | Place    | Note
-------+----------+-------------------------------------------
     0 | D:1      | Sobieck the Deep Elf Conjurer began the quest for the Orb.
     0 | D:1      | Reached XP level 1. HP: 10/10 MP: 6/6
   139 | D:1      | Reached skill level 1 in Hexes
   139 | D:1      | Reached XP level 2. HP: 15/15 MP: 1/8
   526 | D:1      | Found a faded altar of an unknown god.
  1016 | D:2      | Reached skill level 5 in Conjurations
  1030 | D:2      | Reached XP level 3. HP: 19/19 MP: 7/10
  1155 | D:2      | Learned a level 2 spell: Searing Ray
  1213 | D:2      | You fall into a shaft and drop 2 floors!
  1219 | D:4      | Reached XP level 4. HP: 19/24 MP: 6/11
  1274 | D:4      | Identified the +1 leather armour of Unkai {rC+}
  1531 | D:4      | Reached XP level 5. HP: 28/28 MP: 6/13
  1536 | D:4      | Reached skill level 3 in Hexes
  1541 | D:4      | Found a sand-covered staircase.
  1554 | D:4      | Learned a level 4 spell: Fulminant Prism
  1617 | Ossuary  | Entered an ossuary
  1624 | Ossuary  | Reached skill level 6 in Conjurations
  2247 | Ossuary  | Reached XP level 6. HP: 32/32 MP: 5/15
  2555 | Ossuary  | Noticed a silent spectre
  2822 | D:4      | Reached skill level 7 in Conjurations
  3057 | D:2      | Noticed Sigmund
  3057 | D:2      | Noticed Robin
  3059 | D:2      | Killed Robin
  3060 | D:2      | Killed Sigmund
  3061 | D:2      | Reached XP level 7. HP: 31/36 MP: 12/17
  3299 | D:2      | Learned a level 4 spell: Iskenderun's Mystic Blast
  3548 | D:2      | Reached skill level 6 in Spellcasting
  4684 | D:4      | Reached skill level 8 in Conjurations
  4884 | D:5      | Entered Level 5 of the Dungeon
  5064 | D:5      | Found Etegiwu's Antique Armour Shoppe.
  5326 | D:5      | Reached XP level 8. HP: 41/41 MP: 10/20
  5559 | D:5      | Reached skill level 6 in Hexes
  5922 | D:6      | Reached skill level 9 in Conjurations
  6267 | D:6      | Found a one-way gate to the infinite horrors of the Abyss.
  6267 | D:6      | Noticed oldplebian's ghost (amateur DgCj)
  6268 | D:6      | Noticed a small abomination
  6270 | D:6      | Noticed a white ugly thing
  6286 | D:6      | Found a transporter.
  6288 | D:6      | Noticed Maggie
  6304 | D:6      | Killed from afar by Maggie

Illustrated notes

Levels and vault maps discovered:
D:1:      dpeg_arrival_another_circle, layout_basic,
          ebering_ecumenical_altar_mist, st_stairs_11
D:2:      layout_loops_ring, uniq_sigmund, uniq_robin
D:3:      layout_loops_ring, minmay_box_of_dots
D:4:      layout_loops_ring, chequers_ossuary_entry_cave
D:5:      layout_loops_corners, serial_shops, shop
D:6:      layout_rooms, minmay_temple_entry_large_hall,
          gammafunk_ghost_abyssal_escape, uniq_maggie

Skill      XL: |  1  2  3  4  5  6  7  8 |
---------------+-------------------------+-----
Hexes          | 1 2 3 4 5 7 |  7.1
Conjurations   | 5 6 7 8 9 |  9.0
Spellcasting   | 4 5 6 8 |  8.0
Dodging        | |  2.4
Stealth        | |  2.4

Action                     |  1- 3 |  4- 6 |  7- 9 || total
---------------------------+-------+-------+-------++-------
  Melee: Unarmed           |     3 |       |       ||     3
         Dagger            |       |     3 |       ||     3
   Cast: Magic Dart        |    46 |   101 |   106 ||   253
         Searing Ray       |     1 |    14 |    20 ||    35
         Fulminant Prism   |       |     3 |     6 ||     9
    Use: Scroll            |       |     9 |     4 ||    13
         Potion            |       |     1 |       ||     1
 Armour: Robe              |     4 |     8 |     6 ||    18
  Dodge: Dodged            |     2 |    22 |    24 ||    48

Table legend: (Time is in decaauts)
 A = Elapsed time spent in this place.
 B = Non-inter-level travel time spent in this place.
 C = Inter-level travel time spent in this place.
 D = Time resting spent in this place.
 E = Time spent auto-exploring this place.
 F = Levels seen in this place.
 G = Mean time per level.
                   A        B        C        D        E       F      G
               +--------+--------+--------+--------+--------+-----+--------+
         Total |   6305 |   6112 |    193 |   1117 |   3999 |   7 |  900.7 |
       Dungeon |   5186 |   4993 |    193 |    351 |   3967 |   6 |  864.3 |
       Ossuary |   1118 |   1118 |      0 |    766 |     32 |   1 | 1118.0 |
               +--------+--------+--------+--------+--------+-----+--------+

Top non-repeatable levels by time:
     D:5: 1145 daAuts
     D:4: 1129 daAuts
 Ossuary: 1118 daAuts
     D:1: 972 daAuts
     D:3: 891 daAuts
     D:2: 804 daAuts
     D:6: 243 daAuts
